Map: Catalyst LE

Players

IIIIIIIIIIII - Winner!

  • Race: Protoss Protoss
  • Spawn Location: 11:00

eMonde

  • Race: Zerg Zerg
  • Spawn Location: 5:00

VOD

Have the link to the VOD?

Description

Time

  • Played on: Nov. 22, 2017, 2:52 p.m.
  • Length: 6:58
Show
View Real Time Build Order
Export as new Build Order

IIIIIIIIIIII Protoss - Winner!

Build Orders:  

Get SALT Encoding   

  12  0:00  Probe  
  13  0:14  Probe  
  13  0:19  Pylon  
  14  0:26  Probe  
  15  0:38  Probe  
  15  0:40  Gateway  
  16  0:50  Probe (Chrono Boost), Assimilator  
  17  1:03  Probe (Chrono Boost)  
  18  1:08  Probe (Chrono Boost)  
  19  1:19  Probe  
  19  1:20  Gateway  
  20  1:26  Assimilator  
  20  1:31  Probe  
  21  1:33  Cybernetics Core  
  21  1:37  Zealot (Chrono Boost)  
  23  1:45  Pylon  
  23  1:58  Pylon  
  23  2:03  Gateway  
  23  2:12  Sentry (Chrono Boost)  
  27  2:19  Warp Gate  
  27  2:20  Adept (Chrono Boost)  
  27  2:34  Stalker  
  30  2:37  Probe  
  30  2:43  Adept  
  32  2:55  Adept  
  34  2:59  Pylon  
  34  3:01  Gateway  
  34  3:09  Pylon  
  38  3:25  Stalker (Chrono Boost)  
  38  3:26  Sentry (Chrono Boost)  
  40  3:29  Sentry (Chrono Boost)  
  40  3:34  Gateway  
  40  3:45  Pylon  
  40  3:47  Adept  
  41  4:11  Pylon  
  41  4:20  Pylon  
  41  4:25  Adept  
  41  4:26  Adept x2  
  41  4:29  Adept  
  49  4:37  Pylon  
  49  4:39  Pylon  
  49  4:59  Gateway  
  49  5:02  Stalker x2  
  53  5:34  Adept  
  53  5:35  Adept x3  
  61  5:59  Pylon  
  61  6:02  Pylon  
  61  6:09  Zealot  
  61  6:10  Zealot x2  
  47  6:35  Adept x2  
  47  6:36  Adept x2  
Show
View Real Time Build Order
Export as new Build Order

eMonde Zerg 

Build Orders: Hatch First 

Get SALT Encoding   

  12  0:01  Drone  
  13  0:12  Overlord  
  13  0:23  Drone  
  14  0:32  Drone  
  15  0:47  Hatchery  
  14  0:50  Drone  
  14  0:53  Drone  
  16  0:58  Extractor  
  16  1:02  Drone  
  16  1:17  Spawning Pool  
  16  1:18  Drone  
  16  1:24  Drone  
  17  1:27  Drone  
  18  1:34  Drone  
  19  1:46  Overlord  
  19  2:04  Queen  
  19  2:05  Zergling x2  
  19  2:07  Drone x2  
  24  2:09  Queen  
  26  2:19  Drone x2  
  28  2:34  Zergling x4  
  28  2:35  Drone  
  31  2:48  Hatchery  
  30  2:52  Queen  
  30  2:53  Overlord  
  30  2:55  Drone x2  
  34  3:00  Metabolic Boost  
  34  3:13  Spore Crawler  
  34  3:15  Spore Crawler  
  34  3:16  Drone  
  34  3:17  Drone x3  
  36  3:20  Drone  
  36  3:27  Drone x3  
  40  3:38  Overlord  
  40  3:40  Drone x4  
  44  3:57  Drone  
  44  3:58  Extractor x2, Drone x4  
  47  4:05  Evolution Chamber  
  47  4:06  Evolution Chamber  
  47  4:07  Drone x3  
  48  4:14  Drone  
  49  4:17  Drone x4  
  53  4:29  Drone x5  
  58  4:31  Overlord, Extractor  
  58  4:33  Zerg Melee Weapons Level 1  
  57  4:42  Queen, Baneling Nest  
  57  4:44  Overlord  
  58  4:57  Zergling x16  
  66  5:08  Zergling x2, Baneling Nest  
  66  5:09  Overlord x2  
  66  5:17  Spine Crawler  
  66  5:18  Zergling x2  
  66  5:19  Zergling x2, Spine Crawler  
  66  5:26  Zergling x6  
  65  5:35  Zergling x14  
  65  5:44  Baneling  
  65  5:45  Baneling x12  
  65  5:46  Zergling x4  
  65  5:51  Zergling x6  
  65  5:54  Zergling x2  
  65  5:56  Zergling x2  
  66  6:04  Zergling x2  
  66  6:06  Baneling x6  
  63  6:11  Baneling  
  63  6:12  Baneling  
  59  6:20  Zergling x2  
  59  6:21  Zergling x12  
  59  6:24  Zergling x4  
  58  6:30  Zergling x2  
  56  6:35  Zergling x2  
Tags
 
Matchup
PvZ
Spawn Locations
Cross Positions
Add a new tag
Caveats
  • Supply blocks, unpowered buildings, or Contaminate may cause inaccurate times.
  • Supply counts are checked every 10 seconds.